 Dungeon Crawl Stone Soup version 0.25.0 (webtiles) character file.

Game seed: 3466118069742573388

36338 hittemvvvvhard the Severer (level 13, -11/110 HPs)
             Began as a Hill Orc Chaos Knight on June 12, 2020.
             Was the Champion of Okawaru.
             Mangled by a death yak (22 damage)
             ... on level 6 of the Lair of Beasts.
             The game lasted 00:43:42 (20095 turns).

hittemvvvvhard the Severer (Hill Orc Chaos Knight) Turns: 20095, Time: 00:43:43

Health: -11/110    AC: 19    Str: 24    XL:     13   Next: 89%
Magic:  20/20      EV: 15    Int: 12    God:    Okawaru [******]
Gold:   638        SH:  5    Dex: 14    Spells: 12/12 levels left

rFire    + + .     SeeInvis .   a - +7 executioner's axe of Optimality {flame, rN+ Str+4 Dex+4}
rCold    . . .     Gourm    .   (shield currently unavailable)
rNeg     + . .     Faith    .   B - +3 salamander hide armour {+Rage rF++}
rPois    +         Spirit   .   (helmet restricted)
rElec    .         Reflect  +   M - +2 cloak
rCorr    .         Harm     .   J - +0 pair of gloves
MR       .....                  x - +2 pair of boots
Stlth    ..........             C - amulet of the Tempest {Reflect rPois SH+5}
HPRegen  0.28/turn              g - ring of attention
MPRegen  0.17/turn              n - +4 ring of protection

@: about to teleport, berserk cooldown, slowed, invisible, very slow
A: antennae 1, hooves 1, deterioration 1, MP-powered wands
a: Heroism, Finesse, Renounce Religion, Evoke Berserk Rage


You were on level 6 of the Lair of Beasts.
You worshipped Okawaru.
Okawaru was exalted by your worship.
You were very hungry.

You visited 2 branches of the dungeon, and saw 15 of its levels.

You collected 890 gold pieces.
You spent 252 gold pieces at shops.

Inventory:

Hand Weapons
 a - the +7 executioner's axe of Optimality (weapon) {flame, rN+ Str+4 Dex+4}
   (Okawaru gifted it to you on level 2 of the Lair of Beasts)

   It has been specially enchanted to burn those struck by it, causing extra
   injury to most foes and up to half again as much damage against particularly
   susceptible opponents.
   Big, fiery blades are also staple armaments of hydra-hunters.
   It affects your strength (+4).
   It affects your dexterity (+4).
   It protects you from negative energy.
 b - a +5 flail
Missiles
 d - 13 boomerangs (quivered)
 k - 189 bolts
 l - 81 poisoned darts
 r - 176 sling bullets
 F - 453 stones
 I - 15 javelins
 K - 5 curare-tipped darts
 Q - 235 arrows
Armour
 v - a +2 ring mail of poison resistance
 x - a +2 pair of boots (worn)
 B - the +3 salamander hide armour (worn) {+Rage rF++}
   (You found it on level 4 of the Dungeon)

   It greatly protects you from fire.
   It lets you go berserk.
 J - a +0 pair of gloves (worn)
 M - a +2 cloak (worn)
Jewellery
 g - a ring of attention (left hand)
 n - a +4 ring of protection (right hand)
 C - the amulet of the Tempest (around neck) {Reflect rPois SH+5}
   (You found it on level 5 of the Dungeon)

   [amulet of reflection]

   It shields you and reflects attacks.
   It protects you from poison.
   It affects your SH (+5).
Wands
 f - a wand of flame (2)
 s - a wand of paralysis (12)
 A - a wand of polymorph (10)
 D - a wand of digging (5)
 O - a wand of disintegration (19)
 P - a wand of clouds (3)
Scrolls
 i - a scroll of identify
 j - 3 scrolls of enchant weapon
 o - a scroll of fear
 q - a scroll of magic mapping {!r}
 t - 2 scrolls of teleportation
 G - a scroll of remove curse
 L - a scroll of fog
Potions
 c - a potion of heal wounds
 h - a potion of might
 m - 2 potions of curing
 p - 2 potions of berserk rage {!q}
 u - 2 potions of ambrosia
 w - 5 potions of lignification {!q}
 y - 3 potions of flight
 E - a potion of cancellation
 H - 2 potions of haste
Comestibles
 e - 38 rations
 N - a chunk of flesh


   Skills:
 + Level 8.8 Fighting
 * Level 19.6(20.0) Axes
 - Level 6.2(12.8) Maces & Flails
 + Level 7.7 Armour
 + Level 5.6 Dodging
   Level 4.0 Shields
 - Level 2.0 Invocations
 + Level 10.3 Evocations


You had 12 spell levels left.
You didn't know any spells.
Your spell library contained the following spells:

 Spells                   Type           Power        Failure   Level  Hunger
 Animate Skeleton         Necr           N/A          36%         1    ##.....
 Apportation              Tloc           #.....       36%         1    ##.....
 Corona                   Hex            #......      36%         1    ##.....
 Foxfire                  Conj/Fire      #...         36%         1    ##.....
 Magic Dart               Conj           #...         36%         1    ##.....
 Summon Small Mammal      Summ           #...         36%         1    ##.....
 Searing Ray              Conj           #.....       50%         2    ###....
 Conjure Flame            Conj/Fire      #.......     73%         3    ####...
 Dazzling Flash           Conj/Hex       #.....       73%         3    ####...
 Inner Flame              Hex/Fire       #.......     73%         3    ####...
 Cause Fear               Hex            #.........   98%         4    #####..
 Fulminant Prism          Conj/Hex       #.........   98%         4    #####..
 Iskenderun's Mystic Bla  Conj/Tloc      #.......     98%         4    #####..
 Sticky Flame             Conj/Fire      #.......     98%         4    #####..
 Fireball                 Conj/Fire      #.........   100%        5    ######.
 Dragon Form              Tmut           #.........   100%        7    #######
 Dragon's Call            Summ           #.........   100%        9    #######


Dungeon Overview and Level Annotations

Branches:
Dungeon (9/15)             Temple (0/1) D:4            Lair (6/6) D:8
 Shoals (0/4) Lair:2        Snake (0/4) Lair:2
  Slime: Lair:5-6       Orc: D:9-12

Altars:
Ashenzari
Cheibriados
Fedhas
Gozag
Nemelex Xobeh
Okawaru
Uskayaw
Vehumet
Wu Jian
Yredelemnul
Zin
The Shining One

Shops:
D:6 !

Annotations:
D:2 Sigmund
D:3 exclusion: upstairs
D:5 2 transporters, bl3nd3r's ghost, novice MfIE
D:8 exclusion: upstairs


Innate Abilities, Weirdness & Mutations

You have a pair of small antennae on your head.
You have large cloven feet.
Your body sometimes deteriorates upon taking damage.
You expend magic power (3 MP) to strengthen your wands.


Message History

* * * LOW HITPOINT WARNING * * *
You take 14 damage, and have 51/165 hp.
You slice the death yak!! You burn the death yak!
You barely miss the death yak. The death yak gores you!
* * * LOW HITPOINT WARNING * * *
You take 7 damage, and have 44/165 hp.
You are no longer berserk.
You are exhausted.
You feel yourself slow down.
You now have 30/110 hp.
As you read the scroll of teleportation, it crumbles to dust.
You feel strangely unstable. The death yak gores you!
* * * LOW HITPOINT WARNING * * *
You take 11 damage, and have 19/110 hp.
You fade into invisibility!
The death yak gores you!
* * * LOW HITPOINT WARNING * * *
The death yak gores you!!
You die...

..
##.....#####.........
#....#..##..........
......P....#.......P
#.....P............
##..P.P.........P...
...............P...
.#.............#..
###PYY.......##..
#P@.†.....#..
###YY........
#†D.P..... ##........
......##. ........
..#....... .. .......
... .......

Skill      XL: |  1  2  3  4  5  6  7  8  9 10 11 12 13 |
---------------+----------------------------------------+-----
Axes           | 5 6 7 8 10 12 15 17 18 19 | 19.6
Evocations     | 4 8 9 10 | 10.3
Invocations    | 1 2 |  2.0
Maces & Flails | 1 6 |  6.2
Shields        | 1 4 |  4.0
Dodging        | 2 4 5 |  5.6
Fighting       | 5 7 8 |  8.8
Armour         | 4 6 7 |  7.7

Notes
Turn   | Place    | Note
-------+----------+-------------------------------------------
     0 | D:1      | hittemvvvvhard the Hill Orc Chaos Knight began the quest
                  | for the Orb.
     0 | D:1      | Reached XP level 1. HP: 19/19 MP: 1/1
   252 | D:1      | Reached XP level 2. HP: 25/26 MP: 2/2
   355 | D:1      | XOM: silly message
   406 | D:1      | Reached skill level 5 in Axes
   743 | D:1      | Reached XP level 3. HP: 30/31 MP: 3/3
  1345 | D:2      | Reached skill level 6 in Axes
  1459 | D:2      | Found a snail-covered altar of Cheibriados.
  1496 | D:2      | Found a shattered altar of Ashenzari.
  1719 | D:2      | XOM: silly message
  1773 | D:2      | Reached XP level 4. HP: 33/39 MP: 4/4
  2020 | D:2      | Found an opulent altar of Gozag.
  2053 | D:2      | XOM: potion effect (might)
  2056 | D:2      | Reached skill level 7 in Axes
  2132 | D:2      | Noticed Sigmund
  2300 | D:3      | Reached XP level 5. HP: 45/45 MP: 5/5
  2342 | D:3      | XOM: enchant monster (good)
  2501 | D:3      | Found an iron altar of Okawaru.
  2516 | D:3      | Noticed Natasha
  2523 | D:3      | Killed Natasha
  2530 | D:3      | Fell from the grace of Xom
  2530 | D:3      | Became a worshipper of Warmaster Okawaru
  2844 | D:3      | Noticed Natasha
  2858 | D:3      | Killed Natasha
  2858 | D:3      | Reached skill level 8 in Axes
  3108 | D:3      | XOM: give mutations
  3108 | D:3      | Gained mutation: Scrolls take you a little longer to read.
                  | [Xom's mischief]
  3108 | D:3      | Gained mutation: Your body sometimes deteriorates upon
                  | taking damage. [Xom's mischief]
  3108 | D:3      | Lost mutation: Scrolls take you a little longer to read.
                  | [Xom's mischief]
  3176 | D:3      | Noticed Natasha
  3182 | D:3      | Killed Natasha
  3229 | D:3      | Reached XP level 6. HP: 51/51 MP: 6/6
  3299 | D:3      | XOM: cloud trail
  3477 | D:4      | Found a staircase to the Ecumenical Temple.
  3483 | D:4      | Noticed a phantom
  4013 | D:4      | Killed a phantom
  4013 | D:4      | Reached skill level 9 in Axes
  4304 | D:4      | Got a faintly glowing ring mail
  4315 | D:4      | Identified the cursed +1 ring mail of Ilinn {*Contam Harm
                  | rCorr Int-4} (You found it on level 4 of the Dungeon)
  4366 | D:4      | Gained mutation: Scrolls take you a little longer to read.
                  | [mutagenic glow]
  4658 | D:4      | XOM: noise
  4769 | D:4      | Reached skill level 10 in Axes
  4769 | D:4      | Reached XP level 7. HP: 25/57 MP: 7/7
  4851 | D:4      | XOM: torment (21/57 hp)
  5346 | D:4      | Found the +3 salamander hide armour {+Rage rF++}
  5384 | D:4      | Found a glowing golden altar of the Shining One.
  5459 | D:5      | Entered Level 5 of the Dungeon
  5459 | D:5      | Found a transporter.
  5459 | D:5      | Found a transporter.
  5459 | D:5      | Noticed bl3nd3r's ghost (novice MfIE)
  5486 | D:5      | XOM: 2-stop teleportation journey
  5513 | D:5      | XOM: 3-stop teleportation journey
  5737 | D:5      | Reached skill level 1 in Evocations
  5825 | D:5      | XOM: god gift: ration
  5852 | D:5      | Reached * piety under Okawaru
  5852 | D:5      | Reached skill level 2 in Evocations
  6034 | D:5      | Reached skill level 3 in Evocations
  6121 | D:5      | Got a bound amethyst amulet
  6123 | D:5      | Identified the amulet of the Tempest {Reflect rPois SH+5}
                  | (You found it on level 5 of the Dungeon)
  6254 | D:6      | Reached skill level 4 in Evocations
  6268 | D:6      | Reached XP level 8. HP: 64/64 MP: 11/11
  6514 | D:6      | Reached skill level 5 in Evocations
  6540 | D:6      | You fall into a shaft and drop 3 floors!
  6587 | D:9      | Reached ** piety under Okawaru
  6587 | D:9      | Reached skill level 6 in Evocations
  6725 | D:7      | Noticed a +0 hand axe
  6725 | D:7      | Noticed a +0 dagger
  6726 | D:7      | Found a hide-covered altar of Uskayaw.
  6732 | D:7      | Noticed a hippogriff
  6752 | D:8      | Killed a hippogriff
  6752 | D:8      | Reached skill level 7 in Evocations
  7118 | D:8      | Noticed a death yak
  7249 | D:7      | Reached skill level 1 in Invocations
  7267 | D:7      | Reached skill level 1 in Maces & Flails
  7267 | D:7      | Reached skill level 1 in Shields
  7267 | D:7      | Reached skill level 8 in Evocations
  7267 | D:7      | Reached XP level 9. HP: 70/70 MP: 13/15
  7283 | D:7      | Reached skill level 2 in Invocations
  7296 | D:7      | Reached skill level 2 in Maces & Flails
  7296 | D:7      | Reached skill level 2 in Shields
  7438 | D:7      | Reached *** piety under Okawaru
  7618 | D:7      | XOM: god gift: 20 stones
  7660 | D:7      | Reached skill level 3 in Maces & Flails
  7660 | D:7      | Reached skill level 3 in Shields
  8018 | D:6      | XOM: noise
  8037 | D:6      | Reached skill level 4 in Maces & Flails
  8037 | D:6      | Reached skill level 4 in Shields
  8274 | D:6      | Found a radiant altar of Vehumet.
  8387 | D:6      | Reached skill level 5 in Maces & Flails
  8716 | D:6      | Found Bequmygg's Distillery.
  8719 | D:6      | Bought a potion of mutation for 112 gold pieces
  8719 | D:6      | Bought a potion of haste for 140 gold pieces
  8719 | D:6      | Lost mutation: Scrolls take you a little longer to read.
                  | [potion of mutation]
  8719 | D:6      | Lost mutation: Your body sometimes deteriorates upon taking
                  | damage. [potion of mutation]
  8719 | D:6      | Gained mutation: You are covered in fur. (AC +1) [potion of
                  | mutation]
  8719 | D:6      | Gained mutation: You are agile. (Dex +2) [potion of
                  | mutation]
  8777 | D:6      | Found a basalt altar of Yredelemnul.
  8782 | D:6      | Found a glowing golden altar of the Shining One.
  8784 | D:6      | Noticed an angel
  8869 | D:6      | Reached skill level 6 in Maces & Flails
  8910 | D:7      | Found an ornate altar of the Wu Jian Council.
  8992 | D:7      | Found a blossoming altar of Fedhas.
  9037 | D:7      | Noticed a troll
  9048 | D:7      | Killed a troll
  9048 | D:7      | Reached skill level 11 in Axes
  9348 | D:8      | Found a sparkling altar of Nemelex Xobeh.
  9352 | D:8      | Noticed a death yak
  9370 | D:8      | Killed a death yak
  9370 | D:8      | Reached **** piety under Okawaru
  9370 | D:8      | Reached skill level 12 in Axes
  9370 | D:8      | Reached XP level 10. HP: 77/77 MP: 13/16
  9370 | D:8      | Noticed a death yak
  9376 | D:8      | Killed a death yak
  9376 | D:8      | Reached ***** piety under Okawaru
  9376 | D:8      | Reached skill level 13 in Axes
  9385 | D:8      | Killed a death yak
  9391 | D:8      | XOM: noise
  9529 | D:8      | XOM: give mutations
  9529 | D:8      | Lost mutation: You are agile. (Dex +2) [Xom's mischief]
  9529 | D:8      | Gained mutation: Your body sometimes deteriorates upon
                  | taking damage. [Xom's mischief]
  9535 | D:8      | Reached skill level 14 in Axes
  9799 | D:8      | Found a staircase to the Lair.
  9848 | D:7      | HP: 18/77 [porcupine's spines (13)]
  9986 | D:7      | XOM: give mutations
  9986 | D:7      | Gained mutation: You have a pair of small antennae on your
                  | head. [Xom's grace]
  9986 | D:7      | Gained mutation: You have large cloven feet. [Xom's grace]
  9986 | D:7      | Gained mutation: You expend magic power (3 MP) to
                  | strengthen your wands. [Xom's grace]
 10921 | D:9      | Reached skill level 15 in Axes
 11416 | D:9      | Found a glowing silver altar of Zin.
 11510 | D:9      | XOM: confusion
 11571 | D:9      | XOM: torment (40/77 hp)
 11581 | D:9      | XOM: summons 2 hostile shadow creatures
 11766 | Lair:1   | Entered Level 1 of the Lair of Beasts
 11838 | Lair:1   | XOM: 1-stop teleportation journey
 11907 | Lair:1   | Noticed a spiny frog
 11912 | Lair:1   | Killed a spiny frog
 11912 | Lair:1   | Reached XP level 11. HP: 82/82 MP: 10/17
 11995 | Lair:1   | Received a gift from Okawaru
 12027 | Lair:1   | XOM: summons 2 hostile demons
 12132 | Lair:1   | Reached skill level 16 in Axes
 13254 | Lair:1   | Reached skill level 17 in Axes
 13483 | Lair:1   | Received a gift from Okawaru
 13659 | Lair:2   | Found a staircase to the Snake Pit.
 13725 | Lair:2   | Reached skill level 1 in Dodging
 13758 | Lair:2   | Reached skill level 4 in Fighting
 13765 | Lair:2   | XOM: give mutations
 13765 | Lair:2   | Gained mutation: Armour fits poorly on your strangely
                  | shaped body. [Xom's mischief]
 13765 | Lair:2   | Lost mutation: Armour fits poorly on your strangely shaped
                  | body. [Xom's mischief]
 13765 | Lair:2   | Lost mutation: You are covered in fur. (AC +1) [Xom's
                  | mischief]
 14041 | Lair:2   | Reached skill level 3 in Armour
 14179 | Lair:2   | Reached skill level 2 in Dodging
 14185 | Lair:2   | Noticed Sonja
 14418 | Lair:2   | Was forgiven by Xom
 14488 | Lair:2   | Reached ****** piety under Okawaru
 14616 | Lair:2   | Killed Sonja
 14616 | Lair:2   | Reached skill level 5 in Fighting
 14616 | Lair:2   | Reached skill level 4 in Armour
 14616 | Lair:2   | Reached XP level 12. HP: 94/94 MP: 14/18
 14729 | Lair:2   | Received a gift from Okawaru
 14891 | Lair:2   | Got a dazzling executioner's axe {god gift}
 14907 | Lair:2   | Identified the +7 executioner's axe of Optimality {flame,
                  | rN+ Str+4 Dex+4} (Okawaru gifted it to you on level 2 of
                  | the Lair of Beasts)
 15126 | Lair:2   | Found a staircase to the Shoals.
 15679 | Lair:3   | Reached skill level 3 in Dodging
 16650 | Lair:4   | Reached skill level 6 in Fighting
 16679 | Lair:4   | Reached skill level 9 in Evocations
 16695 | Lair:4   | Reached skill level 5 in Armour
 16823 | Lair:4   | Noticed a death yak
 16834 | Lair:4   | Killed a death yak
 16834 | Lair:4   | Received a gift from Okawaru
 16871 | Lair:4   | Reached skill level 18 in Axes
 17127 | Lair:4   | Reached skill level 4 in Dodging
 17248 | Lair:4   | Reached skill level 7 in Fighting
 17503 | Lair:4   | Noticed a catoblepas
 17504 | Lair:4   | Found the +7 Spriggan's Knife {stab, EV+4 Stlth+}
 17513 | Lair:4   | Reached skill level 6 in Armour
 17532 | Lair:4   | Found a runed translucent door.
 17626 | Lair:4   | Reached XP level 13. HP: 92/105 MP: 20/20
 18227 | Lair:4   | Received a gift from Okawaru
 18699 | Lair:5   | Received a gift from Okawaru
 18706 | Lair:5   | Reached skill level 19 in Axes
 18805 | Lair:5   | Reached skill level 8 in Fighting
 18895 | Lair:5   | Reached skill level 5 in Dodging
 18895 | Lair:5   | Reached skill level 10 in Evocations
 19267 | Lair:5   | Reached skill level 7 in Armour
 19643 | Lair:6   | Entered Level 6 of the Lair of Beasts
 20094 | Lair:6   | HP: 19/110 [death yak (11)]
 20095 | Lair:6   | Mangled by a death yak

Table legend:
 A = Turns spent in this place as a percentage of turns spent in the entire game.
 B = Non-inter-level travel turns spent in this place as a percentage of non-inter-level travel turns spent in the entire game.
 C = Inter-level travel turns spent in this place as a percentage of turns spent in this place.
 D = Turns resting spent in this place as a percentage of non-inter-level travel turns spent in this place.
 E = Turns spent auto-exploring this place as a percentage of non-inter-level travel turns spent in this place.
 F = Non-inter-level travel turns spent in this place divided by the number of levels of this place that you've seen.
                   A       B       C       D       E      F
               +-------+-------+-------+-------+-------+----------------------
         Total | 100.0 | 100.0 |   2.5 |   7.2 |  76.6 | 1306.6
       Dungeon |  58.6 |  58.4 |   2.6 |   6.6 |  76.5 | 1272.8
          Lair |  41.4 |  41.6 |   2.2 |   8.0 |  76.8 | 1357.3
               +-------+-------+-------+-------+-------+----------------------

Table legend:
 A = Kills in this place as a percentage of kills in entire the game.
 B = Kills by you in this place as a percentage of kills by you in the entire game.
 C = Kills by friends in this place as a percentage of kills by friends in the entire game.
 D = Other kills in this place as a percentage of other kills in the entire game.
 E = Experience gained in this place as a percentage of experience gained in the entire game.
 F = Experience gained in this place divided by the number of levels of this place that you have seen.
                   A       B       C       D       E      F
               +-------+-------+-------+-------+-------+----------------------
         Total | 100.0 | 100.0 |   N/A |   N/A | 100.0 | 3460.8
       Dungeon |  54.1 |  54.1 |   N/A |   N/A |  17.0 | 978.9
          Lair |  45.9 |  45.9 |   N/A |   N/A |  83.0 | 7183.7
               +-------+-------+-------+-------+-------+----------------------

Action                   |  1- 3 |  4- 6 |  7- 9 | 10-12 | 13-15 || total
-------------------------+-------+-------+-------+-------+-------++-------
Melee: Hand axe          |   102 |   196 |   112 |       |       ||   410
       Flail             |       |       |    89 |     3 |       ||    92
       Broad axe         |       |       |   175 |   461 |       ||   636
       Executioner's axe |       |       |       |   119 |   128 ||   247
Throw: Stone             |    46 |     8 |       |       |       ||    54
       Dart              |       |    58 |       |       |       ||    58
       Boomerang         |       |    31 |    77 |   142 |    28 ||   278
Invok: Heroism           |       |       |     2 |     1 |       ||     3
 Abil: Evoke Berserk Rag |       |       |    10 |    10 |     5 ||    25
Evoke: Wand              |       |       |       |     3 |     7 ||    10
  Use: Scroll            |       |     3 |    11 |     9 |     4 ||    27
       Potion            |       |     1 |     1 |       |     3 ||     5
 Stab: Paralysed         |     2 |     1 |       |     3 |       ||     6
       Petrified         |       |       |       |       |     2 ||     2
  Eat: Chunk             |     3 |     6 |    19 |    24 |     8 ||    60
       Ration            |       |     1 |     1 |     4 |     1 ||     7
Armor: Leather armour    |    42 |    49 |   126 |   164 |    72 ||   453
Dodge: Dodged            |    57 |    75 |   138 |   220 |    69 ||   559
Block: Buckler           |       |       |   116 |   156 |       ||   272
       Reflection        |       |       |     3 |     4 |       ||     7
       Other             |       |       |       |    28 |    35 ||    63

Vanquished Creatures
  2 hydras (Lair:6)
  A catoblepas (Lair:4)
  9 death yaks
  Sonja (Lair:2)
  2 lindwurms
  7 elephants (Lair:4)
  2 black mambas
  3 rime drakes (Lair:4)
  17 spiny frogs
  5 komodo dragons
  A queen bee (Lair:2)
  A polar bear (Lair:4)
  5 hippogriffs
  A troll (D:7)
  6 blink frogs
  12 dream sheep
  2 wyverns
  4 basilisks
  14 yaks
  18 water moccasins
  5 porcupines
  An ice beast (D:7)
  A sky beast (D:8)
  5 orc warriors
  A black bear (D:6)
  3 ogres
  2 phantoms
  16 wolves
  A centaur (D:7)
  13 crocodiles
  5 big kobolds
  10 bullfrogs
  2 wyvern zombies
  A wyvern skeleton (D:6)
  A scorpion (D:9)
  24 killer bees (Lair:2)
  5 wights (D:6)
  2 electric eels (Lair:6)
  3 howler monkeys
  4 crimson imps
  2 hounds
  7 orc priests
  2 bullfrog skeletons
  2 jellies
  A centaur skeleton (D:4)
  An iguana (D:5)
  5 orc wizards
  Natasha (thrice) (D:3)
  4 worker ants
  8 hell rats
  2 hound zombies
  A hound skeleton (D:4)
  A worker ant zombie (D:7)
  4 gnolls (D:6)
  A howler monkey skeleton (D:2)
  2 river rats (D:8)
  15 adders
  2 shadow imps
  An adder skeleton (D:5)
  2 worms
  3 dart slugs
  3 leopard geckos
  33 orcs
  7 bats
  2 giant cockroaches
  9 goblins
  8 hobgoblins
  14 jackals
  21 kobolds
  4 quokkas
  4 ball pythons
  6 frilled lizards
  9 rats
  4 fungi
  3 plants
414 creatures vanquished.

Vanquished Creatures (others)
  6 fungi
  7 plants
  12 toadstools (Lair:4)
25 creatures vanquished.

Grand Total: 439 creatures vanquished You could see 4 death yaks and a five-headed hydra.

Levels and vault maps discovered:
D:1:      enne_arrival_octagon_isle, layout_loops_corners, grunt_decor_clamped,
          chequers_serial_rivers_small_a
D:2:      layout_basic, nicolae_overflow_crystal_walls, cheibriados_altar_1,
          nicolae_gozag_cash_rules_everything_around_me, uniq_sigmund
D:3:      cheibrodos_old_hovel, layout_loops_corners, lemuel_doored_altar,
          nicolae_underground_beach, uniq_natasha
D:4:      layout_rooms, temple_pool_b, kennysheep_flooded_box
D:5:      layout_basic, gammafunk_ghost_hive, first_ration, nrook_mini_backslash
D:6:      layout_basic, grunt_temple_overflow_holy_war,
          lemuel_coloured_pillars_altar, serial_shops, kennysheep_mini_moat
D:7:      minmay_chambers_of_sixes, layout_rooms, fedhas_altar_4,
          dancing_weapons_uskayaw, marbit_many_paths, minmay_misc_feat_cross
D:8:      layout_loops_corners, nemelex_xobeh_ov_fountains_minmay,
          dpeg_lair_monsters, blue_anna_alchemist [blue_anna_fruit_fields,
          blue_anna_fruit_fields]
D:9:      layout_big_octagon, zin_scriptorium, kennysheep_generic_room_10
Lair:1:   layout_roguey, grunt_megastairs_3
Lair:2:   layout_roguey [special_room_bee], elwin_shoals_entry_rocks,
          minmay_snake_entry_six_corridors, nicolae_volcano_entry_s_turn,
          special_room, uniq_sonja
Lair:3:   layout_cave_pods
Lair:4:   gammafunk_lair_enchanted_lake, layout_regular_city,
          infiniplex_staircase_pool_2
Lair:5:   layout_roguey, columned_hall_lemuel, lookout_lair_type, minivault_25,
          st_stairs_4
Lair:6:   guppyfry_lair_end_dragon, layout_misc_corridors,
          hangedman_lair_caniforms_friends, slime_dummy, basic_altar,
          serial_bayou_shore_a
